Map: Temple of the Past

Players

NamroodTuo

  • Race: Zerg Zerg

JohnnySkamax

  • Race: Terran Terran
  • Spawn Location: 0:00

VOD

Have the link to the VOD?

Description

Time

  • Played on: April 6, 2023, 4:02 p.m.
  • Length: 24:41
Show
View Real Time Build Order
Export as new Build Order

NamroodTuo Zerg 

Build Orders:  

Get SALT Encoding   

  12  0:20  Infested Barracks  
  12  0:25  Infested SCV  
  13  0:41  Infested SCV  
  13  0:42  Infested SCV  
  15  0:52  Overlord  
  15  1:12  Overlord  
  15  1:18  Infested SCV  
  15  1:19  Infested SCV  
  17  1:21  Infested SCV  
  18  1:42  Infestation Level 1  
  18  1:46  Infested SCV  
  19  1:58  Infested Refinery  
  19  2:10  Infested SCV  
  19  2:12  Infested SCV  
  21  2:26  Infested SCV  
  22  2:42  Infested Refinery  
  22  2:49  Infested Engineering Bay  
  22  2:54  Infested SCV  
  22  2:59  Infested Barracks Tech Lab  
  23  3:25  Infested Marine  
  23  3:26  Infested Marine x6  
  30  3:30  Infested Command Center  
  27  4:41  Infested Bunker  
  27  4:42  Infested SCV x3  
  27  4:43  Infested SCV  
  31  5:09  Infestation Level 2  
  31  5:20  Infested SCV  
  31  5:21  Overlord  
  31  5:24  Infested Factory  
  32  5:42  Infested SCV, Infested Command Center  
  32  5:43  Infested SCV  
  34  6:03  Retinal Augmentation  
  34  6:16  Infested SCV  
  34  6:17  Infested SCV  
  36  6:20  Infested SCV x2  
  36  6:21  Infested SCV x3  
  41  6:32  Infested Missile Turret  
  41  6:53  Infested Marine  
  41  6:54  Infested Marine x12  
  41  6:56  Overlord x2  
  54  7:09  Anaerobic Enhancement  
  53  7:25  Stukov Infantry Weapons Level 1  
  41  7:45  Infested Bunker  
  41  7:49  Infested SCV  
  46  7:50  Infested SCV  
  46  7:58  Infested SCV  
  46  7:59  Infested SCV  
  49  8:02  Infested SCV  
  49  8:09  Broodling Gestation  
  50  8:32  Infested SCV  
  50  8:33  Infested SCV  
  52  8:54  Infested Barracks  
  52  8:59  Infested Bunker  
  56  9:07  Infested Armory  
  56  9:10  Plagued Munitions  
  56  9:14  Infested SCV x3  
  59  9:35  Infested SCV  
  59  9:36  Infested SCV x3  
  63  10:05  Regenerative Plating  
  63  10:43  Infested SCV x2  
  65  10:58  Infested Bunker  
  65  10:59  Overlord x3  
  69  11:00  Aggressive Incubation  
  69  11:05  Stukov Infantry Armor Level 1  
  69  11:20  Infestation Level 3  
  69  11:23  Overlord x2  
  73  11:32  Infested Bunker x2  
  73  11:37  Infested Missile Turret  
  76  12:06  Infested Missile Turret  
  76  12:32  Infested Bunker  
  76  12:35  Infested Missile Turret  
  80  12:40  Overseer x4  
  80  12:41  Overseer  
  84  13:22  Infested Bunker  
  84  13:25  Infested Bunker  
  88  13:37  Unknown  
  88  13:44  Stukov Infantry Weapons Level 2  
  88  13:50  Overlord x4  
  92  14:03  Infested Bunker  
  92  14:08  Infested Bunker  
  100  14:11  Infested Bunker  
  100  14:58  Infested Missile Turret  
  108  15:10  Infested Missile Turret  
  108  15:27  Infested Bunker  
  108  15:40  Infested Bunker  
  108  15:49  Infested Bunker  
  116  15:54  Infested Bunker  
  116  16:02  Infested SCV  
  116  16:03  Infested SCV x2  
  116  16:07  Infested Refinery  
  119  16:11  Infested SCV, Infested Refinery  
  119  16:12  Infested SCV  
  121  16:25  Infested Factory, Infested Marine  
  121  16:26  Infested Factory Tech Lab, Infested Marine x11  
  121  16:27  Infested Marine x9  
  142  16:36  Infested Missile Turret  
  142  16:43  Infested Missile Turret  
  142  16:54  Stukov Infantry Armor Level 2  
  142  17:18  Overlord  
  142  17:19  Overlord x8  
  142  17:49  Saturated Cultures  
  142  17:54  Infested Siege Tank  
  145  18:17  Infested Bunker  
  128  18:49  Caustic Mucus  
  132  18:54  Infested Bunker  
  132  19:24  Infested Marine x2  
  132  19:25  Infested Marine x17  
  132  19:26  Infested Marine x10  
  161  19:43  Infested Missile Turret  
  161  19:45  Stukov Vehicle and Ship Weapons Level 1  
  151  19:52  Infested Bunker  
  149  20:01  Infested Bunker  
  149  20:04  Calcified Armor  
  149  20:17  Infested Bunker  
  149  20:18  Infested Bunker  
  149  20:19  Automated Mitosis  
  152  20:27  Infested Missile Turret  
  154  20:40  Infested Missile Turret  
  154  20:49  Infested Missile Turret  
  152  20:53  Infested Bunker  
  152  21:03  Infested Missile Turret  
  152  21:06  Infested Missile Turret  
  152  21:19  Acidic Enzymes  
  152  21:45  Infested Bunker  
  152  21:47  Infested Bunker  
  164  21:51  Infested Bunker  
  167  22:01  Infested Bunker  
  167  22:37  Infested Siege Tank x2  
  167  22:38  Infested Diamondback x3  
  182  23:00  Infested Missile Turret  
  178  23:27  Infested Missile Turret  
  148  24:00  Infested Missile Turret  
Show
View Real Time Build Order
Export as new Build Order

JohnnySkamax Terran 

Build Orders:  

Get SALT Encoding   

  12  0:06  SCV  
  13  0:22  SCV  
  13  0:28  Refinery  
  14  0:39  SCV  
  15  0:49  Refinery  
  15  0:56  SCV  
  16  1:13  SCV  
  16  1:16  Barracks  
  17  1:30  SCV  
  18  1:47  SCV  
  19  2:04  SCV  
  20  2:21  SCV  
  21  2:34  Command Center  
  21  2:38  SCV  
  22  3:12  Elite Marine  
  26  3:43  Factory  
  26  3:48  Engineering Bay  
  26  4:28  Refinery  
  26  4:37  SCV  
  27  4:43  Terran Infantry Weapons Level 1  
  27  4:47  Starport  
  27  4:54  SCV, Armory  
  27  4:58  Factory Tech Lab  
  27  4:59  Barracks Tech Lab  
  28  5:11  SCV  
  29  5:21  Refinery  
  29  5:28  SCV  
  30  5:40  Starport Tech Lab  
  30  5:45  SCV  
  31  6:00  Graduating Range  
  31  6:01  Engineering Bay  
  31  6:02  SCV  
  31  6:07  Terran Vehicle and Ship Weapons Level 1  
  32  6:19  SCV  
  33  6:36  SCV  
  34  6:41  Terran Infantry Armor Level 1  
  34  6:52  SCV  
  34  6:54  Heavy Siege Tank  
  41  7:05  Defensive Drone  
  41  7:09  SCV  
  42  7:26  SCV  
  42  7:27  Terran Infantry Weapons Level 2, Armory  
  43  7:30  Ghost Visor  
  43  7:43  SCV  
  44  8:00  SCV  
  44  8:08  Elite Marine  
  49  8:17  SCV  
  50  8:33  Raven Type-II  
  50  8:38  Terran Vehicle And Ship Armor Level 1  
  52  8:42  Covert Triage  
  52  8:47  Terran Vehicle and Ship Weapons Level 2  
  52  9:21  Terran Infantry Armor Level 2  
  52  9:27  Enhanced Manufacturing  
  52  9:36  Strike Goliath  
  58  9:41  Ares-Class Targeting System  
  58  9:44  Defensive Drone  
  58  10:59  Tactical Airlift  
  58  11:15  Terran Infantry Weapons Level 3  
  58  11:18  Terran Vehicle And Ship Armor Level 2  
  58  11:23  Lockdown Missiles  
  58  11:25  Super Stimpack  
  58  11:37  Tactical Airlift  
  58  11:50  Defensive Drone  
  58  11:51  Defensive Drone  
  55  12:10  Laser Targeting System  
  55  12:27  Terran Vehicle and Ship Weapons Level 3  
  55  12:31  Terran Infantry Armor Level 3  
  55  12:45  Tactical Airlift  
  55  13:17  Elite Marine  
  59  13:45  Caduceus Reactor  
  59  13:52  Suppression Shells  
  59  13:55  Hellbat Rangers  
  59  13:56  Hellbat Rangers  
  59  13:57  Hellbat Rangers  
  71  14:02  Tactical Airlift  
  71  14:07  Defensive Drone  
  71  14:08  Defensive Drone x2  
  68  14:20  Raven Type-II  
  68  14:22  Strike Goliath, Suppression Shells  
  74  14:52  Tactical Airlift  
  74  15:05  Terran Vehicle And Ship Armor Level 3  
  74  15:42  Heavy Siege Tank  
  80  16:21  Railgun Turret  
  80  16:22  Railgun Turret  
  80  16:26  Railgun Turret x2  
  80  16:28  Railgun Turret  
  80  16:31  Railgun Turret  
  80  16:51  Railgun Turret  
  80  16:52  Railgun Turret  
  80  16:56  Railgun Turret, Tactical Airlift  
  80  17:22  Railgun Turret  
  80  17:29  Defensive Drone  
  80  17:51  Railgun Turret  
  80  18:12  Operational Efficiency  
  80  18:19  Railgun Turret  
  80  18:22  Advanced Cloaking Field  
  80  18:29  Elite Marine  
  84  18:30  Hellbat Rangers  
  88  18:48  Structure Armor  
  88  18:51  Missile Turret  
  88  18:52  Rocket Barrage  
  88  19:12  Infernal Projectiles  
  88  19:19  Missile Turret  
  88  19:46  Missile Turret  
Tags
 
Commander
NovaStukov
Matchup
Co-op
Replay Pack
Multiplayer
Add a new tag
Caveats
  • Supply blocks, unpowered buildings, or Contaminate may cause inaccurate times.
  • Supply counts are checked every 10 seconds.